 Dungeon Crawl Stone Soup version 0.31-a0-180-g519b7de00c (webtiles) character file.

Game seed: 7588416848817056777

266 rabbitsville the Trooper (level 6, -1/66 HPs)
             Began as an Ogre Gladiator on June 20, 2023.
             Slain by Pargi (4 damage)
             ... in a sewer.
             The game lasted 00:09:01 (1834 turns).

rabbitsville the Trooper (Ogre Gladiator)           Turns: 1834, Time: 00:09:02

Health: -1/66      AC:  4    Str: 21    XL:     6   Next: 20%
Magic:  6/6        EV: 10    Int:  9    God:
Gold:   108        SH:  0    Dex: 10    Spells: 5/5 levels left

rFire   . . .        a - +0 trident
rCold   + . .        (no shield)
rNeg    . . .        b - +0 robe
rPois   .            c - +0 hat
rElec   .            r - +0 cloak
rCorr   .            (gloves unavailable)
SInv    .            (boots unavailable)
Will    .....        (no amulet)
Stlth   +            i - ring of protection from cold
HPRegen 0.31/turn    (no ring)
MPRegen 0.10/turn

%: no passive effects
@: no status effects
A: large, unfitting armour, tough skin 1
a: no special abilities


You were in a sewer.
You visited 1 branch of the dungeon, and saw 4 of its levels.
You also visited: Sewer.

You collected 108 gold pieces.

Inventory:

Hand Weapons
 a - a +0 trident (weapon)
Missiles
 d - 3 throwing nets
 e - a large rock
 h - 3 boomerangs
 o - 2 poisoned darts (quivered)
Armour
 b - a +0 robe (worn)
 c - a +0 hat (worn)
 r - a +0 cloak (worn)
Jewellery
 i - a ring of protection from cold (left hand)
Scrolls
 f - 3 scrolls of teleportation {unknown}
 j - 2 scrolls of brand weapon {unknown}
 k - a scroll of silence {unknown}
 l - 3 scrolls of identify {unknown}
 p - a scroll of butterflies {unknown}
 q - a scroll of torment {unknown}
 s - a scroll of fear {unknown}
Potions
 g - 2 potions of resistance {unknown}
 m - a potion of curing {unknown}
 n - a potion of mutation {unknown}


   Skills:
 + Level 5.3 Fighting
 + Level 4.5 Polearms
 + Level 3.9 Throwing
 - Level 2.6 Dodging


You had 5 spell levels left.
You didn't know any spells.
Your spell library contained the following spells:

 Spells                   Type           Power      Damage    Failure   Level
 Kiss of Death            Conj/Necr      0%         2d5       38%         1
 Summon Small Mammal      Summ           0%         N/A       38%         1
 Call Canine Familiar     Summ           0%         N/A       77%         3
 Confusing Touch          Hex            0%         N/A       77%         3
 Summon Guardian Golem    Hex/Summ       0%         N/A       77%         3
 Dispel Undead            Necr           0%         3d6       99%         4


Dungeon Overview and Level Annotations

Branches:
Dungeon (4/15)              Sewer (1/1)
 Temple: D:4-7

Altars:

Annotations:
D:4 1 runed translucent door, Grinder Sewer Pargi


Innate Abilities, Weirdness & Mutations

You are too large for most types of armour.
You have tough skin. (AC +1)


Message History

You barely miss Pargi.
Pargi is heavily wounded.
Pargi completely misses you. Pargi claws you but does no damage. x2
You hit Pargi.
Pargi is heavily wounded.
Pargi barely misses you. Pargi claws you. Pargi closely misses you.
You hit Pargi.
Pargi is severely wounded.
Pargi bites you. Pargi claws you. x2
You hit Pargi.
Pargi is severely wounded.
Pargi bites you. Pargi barely misses you. x2
You closely miss Pargi.
Pargi is severely wounded.
Pargi bites you! Pargi barely misses you. x2
You puncture Pargi!
Pargi is almost dead.
Pargi bites you!
* * * LOW HITPOINT WARNING * * *
Pargi claws you.
* * * LOW HITPOINT WARNING * * *
Pargi barely misses you.
You barely miss Pargi.
Pargi is almost dead.
Pargi bites you.
* * * LOW HITPOINT WARNING * * *
Pargi claws you.
* * * LOW HITPOINT WARNING * * *
Pargi claws you.
* * * LOW HITPOINT WARNING * * *
Pargi bites you but does no damage. Pargi claws you.
* * * LOW HITPOINT WARNING * * *
Pargi claws you but does no damage.
Reach: a) +0 trident
Press: ? - help, Dir - move target, f/p - Pargi
Aim: Pargi (almost dead, poisoned, about 49% to evade your +0 trident)
You miss Pargi.
Pargi is almost dead.
Pargi bites you.
You die...

##...## ##.##
#.# #.# #.# #.#
#.# .
######.####....
∩.......@T!.((((
############....
.


You could see Pargi (poisoned).

Vanquished Creatures
  A phantom (D:4)
  An orc wizard (D:3)
  Natasha (twice) (D:2)
  2 adders (D:3)
  An ufetubus (D:4)
  7 orcs (D:3)
  7 ball pythons
  11 bats
  6 endoplasms
  3 giant cockroaches (D:3)
  4 hobgoblins
  8 jackals
  10 kobolds
  3 quokkas (D:3)
  3 frilled lizards
  9 goblins
  2 rats
80 creatures vanquished.

Notes
Turn   | Place    | Note
-------+----------+-------------------------------------------
     0 | D:1      | rabbitsville the Ogre Gladiator began the quest for the
                  | Orb.
     0 | D:1      | Reached XP level 1. HP: 22/22 MP: 1/1
   109 | D:1      | Reached skill level 3 in Fighting
   109 | D:1      | Reached XP level 2. HP: 20/31 MP: 2/2
   435 | D:1      | Reached XP level 3. HP: 36/37 MP: 3/3
   898 | D:2      | Noticed Natasha
   977 | D:2      | Killed Natasha
   978 | D:2      | Reached skill level 4 in Fighting
   978 | D:2      | Reached XP level 4. HP: 31/48 MP: 4/4
  1167 | D:2      | Noticed Natasha
  1171 | D:2      | Killed Natasha
  1175 | D:2      | You fall into a shaft and drop 2 floors!
  1303 | D:4      | Noticed a phantom
  1317 | D:4      | Killed a phantom
  1318 | D:4      | Reached XP level 5. HP: 52/55 MP: 5/5
  1364 | D:4      | Noticed Grinder
  1376 | D:4      | Found a runed translucent door.
  1457 | D:3      | Reached skill level 5 in Fighting
  1711 | D:3      | Reached XP level 6. HP: 65/66 MP: 6/6
  1740 | D:3      | Found a faded altar of an unknown god.
  1767 | D:3      | Found a glowing drain.
  1784 | Sewer    | Entered a sewer
  1811 | Sewer    | Noticed Pargi
  1833 | Sewer    | HP: 2/66 [Pargi (3)]
  1834 | Sewer    | Slain by Pargi

Illustrated notes

Levels and vault maps discovered:
D:1:      lemuel_arrival_behind_the_door_large, layout_loops_ring
D:2:      layout_loops_ring, minmay_misc_feat_five, minmay_pentomino_pile,
          uniq_natasha
D:3:      layout_loops_corners, gup_sewer_entry_pipe,
          ebering_ecumenical_altar_hall, moated_statue, minmay_misc_feat_doors
D:4:      layout_loops_ring, minmay_temple_entry_large_hall,
          ebering_ghost_sewer_d, minmay_strange_pillars, minivault_25,
          uniq_grinder
Sewer:    sewer_big_baddie

Skill      XL: |  1  2  3  4  5 |
---------------+----------------+-----
Fighting       | 3 4 5 |  5.3
Throwing       | 3 |  3.9
Polearms       | 4 |  4.5
Dodging        | |  2.6

Action                     |  1- 3 |  4- 6 || total
---------------------------+-------+-------++-------
  Melee: Trident           |   116 |   140 ||   256
  Throw: Boomerang         |    23 |     7 ||    30
         Dart              |       |     5 ||     5
   Stab: Sleeping          |       |     1 ||     1
 Armour: Robe              |    39 |    64 ||   103
  Dodge: Dodged            |    57 |   100 ||   157

Table legend: (Time is in decaauts)
 A = Elapsed time spent in this place.
 B = Non-inter-level travel time spent in this place.
 C = Inter-level travel time spent in this place.
 D = Time resting spent in this place.
 E = Time spent auto-exploring this place.
 F = Levels seen in this place.
 G = Mean time per level.
                   A        B        C        D        E       F      G
               +--------+--------+--------+--------+--------+-----+--------+
         Total |   1865 |   1865 |      0 |      0 |    969 |   5 |  373.0 |
       Dungeon |   1814 |   1814 |      0 |      0 |    956 |   4 |  453.5 |
         Sewer |     50 |     50 |      0 |      0 |     13 |   1 |   50.0 |
               +--------+--------+--------+--------+--------+-----+--------+

Top non-repeatable levels by time:
     D:1: 855 daAuts
     D:3: 387 daAuts
     D:2: 340 daAuts
     D:4: 230 daAuts
   Sewer: 50 daAuts
